Map: Port Aleksander LE

Players

Probe

  • Race: Protoss Protoss
  • League: Master
  • Spawn Location: 11:00

scarlett - Winner!

  • Race: Zerg Zerg
  • League: Master
  • Spawn Location: 5:00

Event: 2019 WCS Winter Americas

VOD

Have the link to the VOD?

Description

Time

  • Played on: March 23, 2019, 3:32 p.m.
  • Length: 13:12

All games in this series

Show
View Real Time Build Order
Export as new Build Order

Probe Protoss 

Build Orders: Phoenix Opening 

Get SALT Encoding   

  12  0:01  Probe  
  13  0:13  Probe  
  14  0:19  Pylon  
  14  0:25  Probe  
  15  0:33  Probe  
  15  0:38  Gateway  
  15  0:41  Probe  
  16  0:47  Assimilator  
  17  0:51  Probe  
  18  0:57  Assimilator  
  18  0:59  Probe  
  19  1:07  Probe  
  20  1:17  Probe  
  20  1:25  Cybernetics Core  
  21  1:29  Pylon  
  21  1:30  Probe  
  22  1:42  Probe  
  23  1:54  Probe  
  24  2:01  Nexus  
  24  2:03  Sentry  
  24  2:05  Warp Gate  
  27  2:08  Probe  
  27  2:19  Robotics Facility  
  27  2:22  Probe  
  28  2:29  Stalker  
  30  2:35  Pylon  
  30  2:38  Probe  
  30  2:42  Phoenix  
  31  2:53  Probe  
  31  2:56  Immortal  
  36  3:13  Probe  
  36  3:15  Probe  
  38  3:23  Gateway  
  38  3:24  Gateway  
  38  3:25  Warp Prism  
  40  3:45  Gateway  
  40  3:47  Gateway  
  40  3:53  Sentry  
  42  4:01  Observer  
  42  4:02  Gateway  
  43  4:13  Pylon  
  43  4:23  Stalker  
  45  4:24  Stalker x2  
  49  4:47  Stalker x5  
  49  4:51  Pylon  
  59  5:19  Stalker x5  
  69  5:37  Pylon  
  69  5:38  Pylon  
  63  5:50  Stalker  
  63  5:52  Stalker x2  
  63  5:53  Zealot  
  63  5:54  Zealot  
  49  6:04  Stalker x2  
  51  6:11  Probe x2  
  53  6:21  Zealot x4  
  61  6:42  Stalker x4  
  69  6:48  Zealot  
  69  6:52  Zealot  
  70  7:15  Zealot, Stalker x4  
Show
View Real Time Build Order
Export as new Build Order

scarlett Zerg - Winner!

Build Orders: Hatch First 

Get SALT Encoding   

  12  0:00  Drone  
  13  0:13  Overlord  
  13  0:18  Drone  
  14  0:31  Drone x2  
  16  0:49  Hatchery  
  15  0:52  Drone  
  15  0:56  Drone  
  17  0:59  Drone  
  18  1:11  Extractor  
  18  1:15  Spawning Pool  
  16  1:18  Drone  
  16  1:22  Drone  
  18  1:29  Drone  
  19  1:39  Drone  
  20  1:50  Drone  
  20  1:52  Hatchery  
  21  2:01  Drone x2  
  21  2:07  Queen  
  24  2:16  Queen  
  24  2:22  Overlord  
  26  2:27  Drone  
  26  2:29  Metabolic Boost  
  27  2:32  Zergling x2  
  28  2:41  Drone x3  
  31  2:44  Drone  
  31  2:45  Drone  
  33  2:56  Queen  
  33  2:57  Drone  
  36  3:00  Overlord  
  36  3:08  Drone, Overlord  
  37  3:13  Overlord  
  37  3:20  Drone x3  
  40  3:29  Drone, Zergling x2  
  40  3:30  Drone x3  
  40  3:33  Drone  
  46  3:35  Lair  
  46  3:41  Roach Warren  
  45  3:44  Drone x2  
  45  3:48  Queen  
  49  3:58  Drone x5  
  49  4:00  Extractor  
  49  4:01  Extractor  
  52  4:03  Overlord  
  52  4:04  Drone  
  52  4:07  Drone  
  52  4:08  Drone  
  55  4:14  Drone x3  
  55  4:15  Overlord  
  58  4:21  Overlord  
  57  4:24  Roach x3  
  57  4:28  Roach  
  65  4:32  Glial Reconstitution  
  65  4:36  Roach  
  65  4:38  Spine Crawler  
  66  4:39  Roach  
  66  4:41  Roach  
  66  4:42  Roach  
  66  4:43  Zergling x2  
  73  4:46  Zergling x4  
  73  4:49  Roach  
  73  4:50  Zergling x2  
  78  4:54  Zergling x2, Roach  
  81  5:05  Zergling x2  
  81  5:06  Zergling x6  
  81  5:07  Overlord  
  81  5:10  Zergling x8, Roach  
  81  5:13  Zergling x2, Roach  
  80  5:19  Ravager x2  
  80  5:21  Zergling x6  
  78  5:30  Zergling x8  
  78  5:34  Queen  
  78  5:35  Zergling x2, Roach  
  85  5:36  Ravager  
  85  5:39  Overlord  
  85  5:45  Zergling x8  
  83  5:53  Zergling x6  
  83  5:54  Zergling x4  
  83  5:59  Zergling x8  
  79  6:06  Zergling x8  
  79  6:15  Roach x4  
  79  6:17  Roach  
  87  6:23  Overseer  
  87  6:25  Roach x2  
  91  6:32  Roach x3  
  97  6:38  Overlord  
  97  6:41  Overlord x2  
  97  6:42  Zergling x2  
  98  6:50  Overseer  
  98  6:54  Overlord  
  98  7:07  Zergling x20  
  103  7:14  Zergling x2, Roach x5  
  106  7:18  Roach  
Tags
 
Add a new tag
Caveats
  • Supply blocks, unpowered buildings, or Contaminate may cause inaccurate times.
  • Supply counts are checked every 10 seconds.